 Dungeon Crawl Stone Soup version 0.21.1-1-g345015f (webtiles) character file.

2157 Solrac the Grappler (level 9, -4/88 HPs)
             Began as a Troll Monk on Feb 20, 2018.
             Was a Believer of Trog.
             Slain by an ogre
             ... wielding a +0 giant club
              (14 damage)
             ... on level 7 of the Dungeon.
             The game lasted 00:28:44 (5352 turns).

Solrac the Grappler (Troll Monk)                    Turns: 5352, Time: 00:28:45

Health: -4/88      AC:  5    Str: 21    XL:     9   Next: 10%
Magic:  8/8        EV: 13    Int:  6    God:    Trog [**....]
Gold:   354        SH:  0    Dex: 15    Spells: 8/8 levels left

rFire    . . .     SeeInvis .     - Unarmed
rCold    . . .     Gourm    +   (no shield)
rNeg     . . .     Faith    .   a - +0 robe
rPois    .         Spirit   .   (helmet restricted)
rElec    .         Reflect  .   (no cloak)
rCorr    .         Harm     .   (gloves unavailable)
MR       .....                  (boots unavailable)
Stlth    ++........             i - amulet of magic regeneration
HPRegen  0.64/turn              (no ring)
MPRegen  0.36/turn              (no ring)

@: berserk cooldown, slowed, very slow
A: large, unfitting armour, claws 3, fast metabolism 3, gourmand, regeneration
1, shaggy fur 1, tough skin 2
a: Berserk, Trog's Hand, Burn Spellbooks, Renounce Religion


You were on level 7 of the Dungeon.
You worshipped Trog.
Trog was pleased with you.
You were very full.

You visited 2 branches of the dungeon, and saw 8 of its levels.
You also visited: Ossuary.

You collected 354 gold pieces.

Inventory:

Hand Weapons
 q - a +0 whip of flaming
 w - a cursed -3 whip
Missiles
 c - 263 stones (quivered)
 h - 3 throwing nets
Armour
 a - a +0 robe (worn)
Jewellery
 i - an amulet of magic regeneration (around neck)
 y - the ring "Dutam" {rN+ Int+2, unknown}
   (You found it on level 6 of the Dungeon)

   [ring of positive energy]

   It affects your intelligence (+2).
   It protects you from negative energy.
Scrolls
 e - 5 scrolls of enchant armour {unknown}
 f - 2 scrolls of random uselessness {unknown}
 j - 8 scrolls of teleportation
 k - 3 scrolls of fog {unknown}
 n - 4 scrolls of magic mapping
 o - 3 scrolls of fear
 p - 3 scrolls of enchant weapon
 v - 4 scrolls of amnesia {unknown}
 x - 2 scrolls of blinking {unknown}
 B - a scroll of remove curse {unknown}
Potions
 d - a potion of might
 g - 7 potions of curing
 l - 3 potions of heal wounds
 m - a potion of lignification
 r - a potion of experience {unknown}
 s - a potion of ambrosia {unknown}
 t - a potion of haste {unknown}
 u - 3 potions of brilliance {unknown}
 z - a potion of magic {unknown}
Comestibles
 b - 12 rations


   Skills:
 + Level 5.3 Fighting
 + Level 5.1 Dodging
 + Level 3.2 Stealth
 * Level 8.2 Unarmed Combat


You had 8 spell levels left.
You didn't know any spells.

Dungeon Overview and Level Annotations

Branches:
Dungeon (7/15)             Temple (1/1) D:5

Altars:
Ashenzari
Fedhas
Gozag
Hepliaklqana
Kikubaaqudgha
Nemelex Xobeh
Okawaru
Qazlal
Sif Muna
Trog
Uskayaw
Vehumet
Wu Jian
Xom
Zin
The Shining One

Shops:
D:4 }


Innate Abilities, Weirdness & Mutations

You are too large for most types of armour.
You have claws for hands.
Your metabolism is lightning-fast.
You like to eat raw meat.
Your natural rate of healing is unusually fast.
You are covered in fur. (AC +1)
You have very tough skin. (AC +2)


Message History

Trog accepts your kill. The orc misses you.
An ogre comes into view. It is wielding a giant club.
Things that are here:
a dagger; a robe You claw the orc!
You kill the orc!
Trog accepts your kill.
You barely miss the orc. You mangle the orc!!
You kill the orc!
Trog accepts your kill.
You mangle the ogre!!
The ogre is almost dead.
You closely miss the ogre.
The ogre is almost dead.
You are no longer berserk.
You are exhausted.
You feel yourself slow down. The ogre hits you with a giant club!
You die...

#...##.#o#..# .....
#.o.##.#.#..# ...##
#.......o#..# ......
#######....<# ......
.........#####....#.
###......(..........
#......###).....#
#......###(#....#
#.....oO@).# ...#
##.....##### ....
###...# #.. #...# .
..... ##


You could see an ogre and an orc priest.

Vanquished Creatures
  The ghost of AdmiralAndromeda the Chopper, an amateur HOFi (D:4)
  Sigmund (D:3)
  A centaur (D:7)
  2 bullfrogs (D:6)
  15 scorpions
  A howler monkey (D:6)
  A centaur zombie (Ossuary)
  A human zombie (Ossuary)
  2 orc priests (D:6)
  2 hounds
  5 orc wizards
  5 worker ants
  2 big kobold zombies (Ossuary)
  3 mummies (Ossuary)
  2 hound skeletons
  6 gnolls
  8 adders
  2 scorpion zombies (Ossuary)
  2 oozes
  5 worms
  5 dart slugs
  A leopard gecko (D:6)
  10 orcs
  4 giant cockroaches
  2 gnoll zombies (Ossuary)
  3 goblins
  6 hobgoblins
  13 jackals
  5 kobolds
  4 quokkas
  7 bats
  4 frilled lizards
  A goblin zombie (Ossuary)
  3 hobgoblin zombies (Ossuary)
  3 kobold zombies (Ossuary)
  8 rats
  A bush (D:4)
147 creatures vanquished.

Vanquished Creatures (others)
  A big kobold zombie (Ossuary)
  An orc zombie (Ossuary)
2 creatures vanquished.

Grand Total: 149 creatures vanquished

Notes
Turn   | Place    | Note
-------+----------+-------------------------------------------
     0 | D:1      | Solrac the Troll Monk began the quest for the Orb.
     0 | D:1      | Reached XP level 1. HP: 22/22 MP: 0/0
    86 | D:1      | Reached XP level 2. HP: 29/29 MP: 1/1
   231 | D:1      | Reached XP level 3. HP: 24/36 MP: 2/2
   801 | D:2      | Reached XP level 4. HP: 45/45 MP: 3/3
  1127 | D:2      | Found an ornate altar of the Wu Jian Council.
  1334 | D:2      | Reached skill level 4 in Unarmed Combat
  1656 | D:3      | Found an iron altar of Okawaru.
  1763 | D:3      | Noticed Sigmund
  1787 | D:3      | Killed Sigmund
  1787 | D:3      | Reached XP level 5. HP: 54/54 MP: 4/4
  1787 | D:3      | Reached XP level 6. HP: 62/62 MP: 5/5
  2170 | D:4      | Reached skill level 5 in Unarmed Combat
  2199 | D:4      | HP: 3/62 [orc/hand axe (2)]
  2204 | D:4      | HP: 3/62 [poisoned by an adder]
  2342 | D:4      | Noticed AdmiralAndromeda's ghost (amateur HOFi)
  2362 | D:4      | Killed AdmiralAndromeda's ghost
  2362 | D:4      | Reached XP level 7. HP: 14/70 MP: 6/6
  2741 | D:4      | Found a radiant altar of Vehumet.
  2744 | D:4      | Found Wotzuemu's Gadget Boutique.
  2785 | D:4      | Found an iron altar of Okawaru.
  2785 | D:4      | Found a shimmering altar of Xom.
  3125 | D:4      | Found a hide-covered altar of Uskayaw.
  3153 | D:5      | Entered Level 5 of the Dungeon
  3161 | D:5      | Found a staircase to the Ecumenical Temple.
  3174 | D:5      | Found a sand-covered staircase.
  3185 | Ossuary  | Entered an ossuary
  3197 | Ossuary  | Reached skill level 6 in Unarmed Combat
  3402 | Ossuary  | Reached XP level 8. HP: 41/79 MP: 7/7
  3595 | Ossuary  | Reached skill level 7 in Unarmed Combat
  4022 | Temple   | Entered the Ecumenical Temple
  4241 | Temple   | Became a worshipper of Trog the Wrathful
  4241 | Temple   | Reached * piety under Trog
  4241 | Temple   | Reached ** piety under Trog
  4570 | D:6      | Reached skill level 5 in Fighting
  4756 | D:6      | Got a glittering iron ring
  4802 | D:6      | Reached skill level 5 in Dodging
  5111 | D:6      | Found a deep blue altar of Sif Muna.
  5325 | D:7      | Reached skill level 8 in Unarmed Combat
  5325 | D:7      | Reached XP level 9. HP: 75/88 MP: 8/8
  5352 | D:7      | Slain by an ogre

Skill      XL: |  1  2  3  4  5  6  7  8 |
---------------+-------------------------+-----
Fighting       | 3 4 5 |  5.3
Dodging        | 3 4 5 |  5.1
Unarmed Combat | 4 5 6 8 |  8.2
Stealth        | 2 3 |  3.2

Action                   |  1- 3 |  4- 6 |  7- 9 || total
-------------------------+-------+-------+-------++-------
Melee: Unarmed           |    83 |   160 |   231 ||   474
       Punch             |       |     1 |    10 ||    11
Throw: Stone             |       |       |     2 ||     2
Invok: Burn Spellbooks   |       |       |     1 ||     1
       Berserk           |       |       |     1 ||     1
  Use: Scroll            |       |     8 |     3 ||    11
       Potion            |       |     1 |       ||     1
 Stab: Sleeping          |     1 |     3 |     3 ||     7
  Eat: Chunk             |    13 |    14 |    23 ||    50
       Ration            |       |       |     1 ||     1
Armor: Robe              |    30 |    53 |    35 ||   118
Dodge: Dodged            |    70 |    91 |   124 ||   285
